IL
PAWTUCKET RED SOX @ SYRACUSE CHIEFS
05/17/2099
 
TOP OF THE 1ST
Pawtucket Red Sox batting - Pitching for Syracuse Chiefs : RHP Josh Wright
Pitching: RHP Josh Wright
Batting: RHB Ryan Rynard 0-0: Called Strike
0-1: Called Strike
0-2: SINGLE (Flyball, 78S, EV 86.3 MPH)
Batting: LHB Ryan McFall 0-0: Ball
1-0: Called Strike
1-1: Ball
2-1: SINGLE (Groundball, 34, EV 98.8 MPH)
Ryan Rynard to second
Runner from 2nd tries for 3rd, SAFE, no throw by RF
Batting: RHB Dan Ware 0-0: Called Strike
0-1: Ball
1-1: Fly out, F7 (Flyball, 7, EV 78.8 MPH)
Runner from 3rd tags up, OUT at HOME! 7-2
Ryan McFall to second
Batting: LHB Dan McCartney 0-0: Called Strike
0-1: Ball
1-1: Ball
2-1: Ball
3-1: Called Strike
3-2: Base on Balls
Batting: SHB Nick Barrera 0-0: Ball
1-0: Ball
2-0: Ball
3-0: Called Strike
3-1: Base on Balls
Ryan McFall to third
Dan McCartney to second
Batting: RHB Carlos Chaidez 0-0: Foul Ball, location: 3F
0-1: Ball
1-1: Called Strike
1-2: Ball
2-2: Ball
3-2: Fly out, F8 (Flyball, 8RD, EV 86.9 MPH)
Top of the 1st over - 0 runs, 2 hits, 0 errors, 3 left on base; Pawtucket 0 - Syracuse 0
BOTTOM OF THE 1ST
Syracuse Chiefs batting - Pitching for Pawtucket Red Sox : RHP Mike Chiasson
Pitching: RHP Mike Chiasson
Batting: LHB Tom Monroe 0-0: Ground out 6-3 (Groundball, 6M, EV 84.4 MPH)
Batting: RHB Alan Cecil 0-0: Ball
1-0: Foul Ball, location: 2F
1-1: Ball
2-1: Foul Ball, location: 2F
2-2: Ground out 4-3 (Groundball, 34D, EV 97.5 MPH)
Batting: RHB Omar Flores 0-0: Ball
1-0: Fly out, F7 (Flyball, 7, EV 98.1 MPH)
Bottom of the 1st over - 0 runs, 0 hits, 0 errors, 0 left on base; Pawtucket 0 - Syracuse 0
TOP OF THE 2ND
Pawtucket Red Sox batting - Pitching for Syracuse Chiefs : RHP Josh Wright
Batting: RHB Alvaro Madera 0-0: Called Strike
0-1: Ball
1-1: Ball
2-1: Ball
3-1: Foul Ball, location: 7LDF
3-2: Strikes out swinging
Batting: RHB Cortez Peguero 0-0: Ball
1-0: Ball
2-0: Called Strike
2-1: Ball
3-1: Fly out, F7 (Flyball, 78M, EV 86.9 MPH)
Batting: LHB T.J. Purkey 0-0: Ball
1-0: SINGLE (Groundball, 34D, EV 98.8 MPH)
Batting: RHB Ryan Rynard 0-0: Called Strike
0-1: Ball
1-1: Foul Ball, location: 23F
1-2: SINGLE (Groundball, 56S, EV 63.1 MPH) (infield hit)
T.J. Purkey to second
Batting: LHB Ryan McFall 0-0: Ball
1-0: Called Strike
1-1: Foul Ball, location: 2F
1-2: Strikes out looking
Top of the 2nd over - 0 runs, 2 hits, 0 errors, 2 left on base; Pawtucket 0 - Syracuse 0
BOTTOM OF THE 2ND
Syracuse Chiefs batting - Pitching for Pawtucket Red Sox : RHP Mike Chiasson
Batting: LHB Jesus Medrano 0-0: Ball
1-0: Ball
2-0: Foul Ball, location: 2F
2-1: Ball
3-1: Called Strike
3-2: Ground out 6-3 (Groundball, 6, EV 85.0 MPH)
Batting: RHB Matt Campbell 0-0: Foul Ball, location: 2F
0-1: Ground out 4-3 (Groundball, 4, EV 67.5 MPH)
Batting: SHB Randy Marsh 0-0: Called Strike
0-1: Fly out, F8 (Flyball, 89D, EV 98.8 MPH)
Bottom of the 2nd over - 0 runs, 0 hits, 0 errors, 0 left on base; Pawtucket 0 - Syracuse 0
TOP OF THE 3RD
Pawtucket Red Sox batting - Pitching for Syracuse Chiefs : RHP Josh Wright
Batting: RHB Dan Ware 0-0: Foul Ball, location: 2LF
0-1: Foul Ball, location: 23F
0-2: Ball
1-2: Foul Ball, location: 2F
1-2: Ball
2-2: Foul Ball, location: 25F
2-2: DOUBLE (Flyball, 78D, EV 94.4 MPH)
Batting: LHB Dan McCartney 0-0: Ball
1-0: Ball
2-0: Called Strike
2-1: SINGLE (Groundball, 6MD, EV 96.3 MPH)
Dan Ware to third
Batting: SHB Nick Barrera 0-0: Called Strike
0-1: Ball
1-1: Fly out, F6 (Popup, 56, EV 59.4 MPH)
Batting: RHB Carlos Chaidez 0-0: Ball
1-0: Foul Ball, location: 5F
1-1: Foul Ball, location: 9LDF
1-2: Strikes out swinging
Batting: RHB Alvaro Madera 0-0: Foul Ball, location: 2F
0-1: Ball
1-1: Ball
2-1: Swinging Strike
2-2: Ball
3-2: Base on Balls
Dan McCartney to second
Batting: RHB Cortez Peguero 0-0: Called Strike
0-1: Ball
1-1: Called Strike
1-2: Ball
2-2: Ball
3-2: Foul Ball, location: 23F
3-2: Base on Balls
Dan Ware scores
Dan McCartney to third
Alvaro Madera to second
Batting: LHB T.J. Purkey 0-0: Called Strike
0-1: Ball
1-1: Ball
2-1: Swinging Strike
2-2: Foul Ball, location: 23F
2-2: Strikes out swinging
Top of the 3rd over - 1 run, 2 hits, 0 errors, 3 left on base; Pawtucket 1 - Syracuse 0
BOTTOM OF THE 3RD
Syracuse Chiefs batting - Pitching for Pawtucket Red Sox : RHP Mike Chiasson
Batting: RHB Josh Elkins 0-0: SINGLE (Groundball, P, EV 90.0 MPH) (infield hit)
Batting: RHB Faical Giraldes 0-0: Called Strike
0-1: Ball
1-1: Fielders Choice at 2nd, 4-6 (Groundball, 34D, EV 100.0 MPH)
Batting: LHB Jim Unknown 0-0: Foul Ball, location: 2F
0-1: Swinging Strike
0-2: Foul Ball, location: 3DF
0-2: Strikes out looking
Batting: LHB Tom Monroe 0-0: Called Strike
0-1: Called Strike
0-2: Ball
1-2: Fielders Choice at 2nd, 6-4 (Groundball, 6, EV 86.9 MPH)
Bottom of the 3rd over - 0 runs, 1 hit, 0 errors, 1 left on base; Pawtucket 1 - Syracuse 0
TOP OF THE 4TH
Pawtucket Red Sox batting - Pitching for Syracuse Chiefs : RHP Josh Wright
Batting: RHB Ryan Rynard 0-0: Called Strike
0-1: Ball
1-1: Called Strike
1-2: Strikes out swinging
Batting: LHB Ryan McFall 0-0: Ball
1-0: Ball
2-0: SINGLE (Groundball, 2R, EV 63.8 MPH) (infield hit)
Batting: RHB Dan Ware 0-0: Called Strike
0-1: Ball
1-1: Called Strike
Ryan McFall steals 2nd base
1-2: Ball
2-2: Ball
3-2: Ground out 4-3 (Groundball, 4, EV 84.4 MPH)
Ryan McFall to third
Batting: LHB Dan McCartney 0-0: Foul Ball, location: 2F
0-1: Ball
1-1: Ball
2-1: Called Strike
2-2: Strikes out looking
Top of the 4th over - 0 runs, 1 hit, 0 errors, 1 left on base; Pawtucket 1 - Syracuse 0
BOTTOM OF THE 4TH
Syracuse Chiefs batting - Pitching for Pawtucket Red Sox : RHP Mike Chiasson
Batting: RHB Alan Cecil 0-0: Swinging Strike
0-1: Ground out 4-3 (Groundball, 4, EV 81.9 MPH)
Batting: RHB Omar Flores 0-0: Called Strike
0-1: Called Strike
0-2: Ball
1-2: Strikes out swinging
Batting: LHB Jesus Medrano 0-0: Foul Ball, location: 2F
0-1: Swinging Strike
0-2: Ball
1-2: Ball
2-2: Foul Ball, location: 2LF
2-2: Ball
3-2: Fly out, F9 (Flyball, 9, EV 84.4 MPH)
Bottom of the 4th over - 0 runs, 0 hits, 0 errors, 0 left on base; Pawtucket 1 - Syracuse 0
TOP OF THE 5TH
Pawtucket Red Sox batting - Pitching for Syracuse Chiefs : RHP Josh Wright
Batting: SHB Nick Barrera 0-0: Ball
1-0: Ball
2-0: Called Strike
2-1: Ball
3-1: Fly out, F5 (Popup, 25F, EV 93.8 MPH)
Batting: RHB Carlos Chaidez 0-0: Ball
1-0: Swinging Strike
1-1: Swinging Strike
1-2: SINGLE (Groundball, 34D, EV 103.1 MPH)
Pitching: RHP Jason Jupina
Batting: RHB Alvaro Madera 0-0: Swinging Strike
0-1: Ball
1-1: Ball
2-1: Fly out, F7 (Flyball, 7LS, EV 91.3 MPH)
Batting: RHB Cortez Peguero 0-0: Ball
1-0: Swinging Strike
1-1: Ball
2-1: Ball
3-1: Base on Balls
Carlos Chaidez to second
Batting: LHB T.J. Purkey 0-0: Called Strike
0-1: Swinging Strike
0-2: Ball
1-2: Strikes out swinging
Top of the 5th over - 0 runs, 1 hit, 0 errors, 2 left on base; Pawtucket 1 - Syracuse 0
BOTTOM OF THE 5TH
Syracuse Chiefs batting - Pitching for Pawtucket Red Sox : RHP Mike Chiasson
Batting: RHB Matt Campbell 0-0: Fly out, F7 (Line Drive, 7LS, EV 85.0 MPH)
Batting: SHB Randy Marsh 0-0: Called Strike
0-1: Swinging Strike
0-2: Foul Ball, location: 7LDF
0-2: Ground out 6-3 (Groundball, 6, EV 104.4 MPH)
Batting: RHB Josh Elkins 0-0: Ball
1-0: Called Strike
1-1: Ball
2-1: Ground out 5-3 (Groundball, 56S, EV 78.8 MPH)
Bottom of the 5th over - 0 runs, 0 hits, 0 errors, 0 left on base; Pawtucket 1 - Syracuse 0
TOP OF THE 6TH
Pawtucket Red Sox batting - Pitching for Syracuse Chiefs : RHP Jason Jupina
Batting: RHB Ryan Rynard 0-0: Called Strike
0-1: Ball
1-1: Swinging Strike
1-2: Ball
2-2: Foul Ball, location: 23FF
2-2: Ground out 6-3 (Groundball, 6, EV 105.6 MPH)
Batting: LHB Ryan McFall 0-0: Ball
1-0: Swinging Strike
1-1: Foul Ball, location: 23FF
1-2: SINGLE (Flyball, 89S, EV 98.1 MPH)
Batting: RHB Dan Ware 0-0: Swinging Strike
0-1: Ball
1-1: Swinging Strike
1-2: Foul Ball, location: 7LMF
1-2: Grounds into double play, 5-4-3 (Groundball, 56, EV 80.0 MPH)
Top of the 6th over - 0 runs, 1 hit, 0 errors, 0 left on base; Pawtucket 1 - Syracuse 0
BOTTOM OF THE 6TH
Syracuse Chiefs batting - Pitching for Pawtucket Red Sox : RHP Mike Chiasson
Batting: RHB Faical Giraldes 0-0: Called Strike
0-1: Swinging Strike
0-2: Foul Ball, location: 25FF
0-2: Ball
1-2: Ball
2-2: Strikes out looking
Batting: LHB Jim Unknown 0-0: Called Strike
0-1: Called Strike
0-2: Strikes out swinging
Batting: LHB Tom Monroe 0-0: Ball
1-0: Foul Ball, location: 2LF
1-1: Ball
2-1: Foul Ball, location: 25F
2-2: Ball
3-2: Single, Error in OF, E8, batter to second base (Line Drive, 78S, EV 102.5 MPH)
Batting: RHB Alan Cecil 0-0: Foul Ball, location: 2F
0-1: Ball
1-1: SINGLE (Line Drive, 34, EV 103.8 MPH)
Tom Monroe to third
Runner from 3rd tries for Home, SAFE, throw by RF to home
Batting: RHB Omar Flores 0-0: Ball
1-0: Swinging Strike
1-1: Ball
Alan Cecil steals 2nd base (no throw)
2-1: Ball
3-1: Base on Balls
Batting: LHB Jesus Medrano 0-0: Ball
1-0: Ball
2-0: SINGLE (Line Drive, 3D, EV 95.6 MPH)
Alan Cecil to third
Omar Flores to second
Runner from 3rd tries for Home, SAFE, throw by RF to home
Batting: RHB Matt Campbell 0-0: Ball
1-0: Ball
2-0: Fielders Choice at 3rd, U5 (Groundball, 5, EV 88.8 MPH)
Bottom of the 6th over - 2 runs, 3 hits, 1 error, 1 left on base; Pawtucket 1 - Syracuse 2
TOP OF THE 7TH
Pawtucket Red Sox batting - Pitching for Syracuse Chiefs : RHP Jason Jupina
Pitching: LHP Alvin Mendez
Batting: LHB Dan McCartney 0-0: Ball
1-0: Foul Ball, location: 3F
1-1: Ball
2-1: Foul Ball, location: 2F
2-2: Strikes out swinging
Batting: SHB Nick Barrera 0-0: Fly out, F4 (Line Drive, 4M, EV 70.0 MPH)
Batting: RHB Carlos Chaidez 0-0: Called Strike
0-1: Foul Ball, location: 2F
0-2: Ball
1-2: Ball
2-2: Strikes out swinging
Top of the 7th over - 0 runs, 0 hits, 0 errors, 0 left on base; Pawtucket 1 - Syracuse 2
BOTTOM OF THE 7TH
Syracuse Chiefs batting - Pitching for Pawtucket Red Sox : RHP Mike Chiasson
Batting: SHB Randy Marsh 0-0: Ball
1-0: Ball
2-0: Swinging Strike
2-1: Ground out 5-3 (Groundball, 5, EV 85.6 MPH)
Batting: RHB Josh Elkins 0-0: Ball
1-0: Ball
2-0: Ball
3-0: Called Strike
3-1: SINGLE (Line Drive, 9S, EV 97.5 MPH)
Batting: RHB Faical Giraldes 0-0: Ball
1-0: Ground out 5-3 (Groundball, 56S, EV 70.6 MPH)
Josh Elkins to second
Batting: LHB Jim Unknown 0-0: Foul Ball, location: 2F
0-1: Ball
1-1: Ball
2-1: Ground out U3 (Groundball, 34, EV 78.8 MPH)
Bottom of the 7th over - 0 runs, 1 hit, 0 errors, 1 left on base; Pawtucket 1 - Syracuse 2
TOP OF THE 8TH
Pawtucket Red Sox batting - Pitching for Syracuse Chiefs : LHP Alvin Mendez
Pitching: LHP Jesus Chavez
Batting: RHB Alvaro Madera 0-0: Ball
1-0: Called Strike
1-1: Foul Ball, location: 2F
1-2: Foul Ball, location: 3DF
1-2: Ball
2-2: Ground out 5-3 (Groundball, 5, EV 108.1 MPH)
Batting: RHB Cortez Peguero 0-0: Ball
1-0: Fly out, F8 (Flyball, 8RM, EV 81.3 MPH)
Pinch Hitting: RHB Nate Morrison 0-0: DOUBLE (Line Drive, 5D, EV 109.4 MPH)
Batting: RHB Ryan Rynard 0-0: Called Strike
0-1: Called Strike
0-2: Strikes out swinging
Top of the 8th over - 0 runs, 1 hit, 0 errors, 1 left on base; Pawtucket 1 - Syracuse 2
BOTTOM OF THE 8TH
Syracuse Chiefs batting - Pitching for Pawtucket Red Sox : RHP Mike Chiasson
Pitching: LHP Allen Reeves
Now at SS: Nate Morrison
Batting: LHB Tom Monroe 0-0: Ball
1-0: Ball
2-0: Called Strike
2-1: Ground out 4-3 (Groundball, 34, EV 105.0 MPH)
Batting: RHB Alan Cecil 0-0: Foul Ball, location: 2F
0-1: Ball
1-1: Ground out U3 (Groundball, 3, EV 76.9 MPH)
Batting: RHB Omar Flores 0-0: Ball
1-0: Reached on error, E1 (Groundball, 15S, EV 90.6 MPH)
Batting: LHB Jesus Medrano 0-0: Called Strike
0-1: Fly out, F8 (Flyball, 8RXD, EV 105.0 MPH)
Bottom of the 8th over - 0 runs, 0 hits, 1 error, 1 left on base; Pawtucket 1 - Syracuse 2
TOP OF THE 9TH
Pawtucket Red Sox batting - Pitching for Syracuse Chiefs : LHP Jesus Chavez
Now in LF: Juan Balbuena
Batting: LHB Ryan McFall 0-0: Ball
1-0: Ball
2-0: SINGLE (Groundball, 13, EV 81.9 MPH) (infield hit)
Batting: RHB Dan Ware 0-0: Ball
1-0: Called Strike
1-1: Foul Ball, location: 2F
1-2: Foul Ball, location: 2F
1-2: Ball
2-2: Strikes out looking
Batting: LHB Dan McCartney 0-0: Ball
1-0: 2-RUN HOME RUN (Line Drive, 7D, EV 95.6 MPH), Distance : 359 ft
Batting: SHB Nick Barrera 0-0: Swinging Strike
0-1: Foul Ball, location: 2F
0-2: Fly out, F8 (Line Drive, 8LM, EV 98.8 MPH)
Batting: RHB Carlos Chaidez 0-0: Swinging Strike
0-1: Swinging Strike
0-2: Ball
1-2: Ball
2-2: Strikes out swinging
Top of the 9th over - 2 runs, 2 hits, 0 errors, 0 left on base; Pawtucket 3 - Syracuse 2
BOTTOM OF THE 9TH
Syracuse Chiefs batting - Pitching for Pawtucket Red Sox : LHP Allen Reeves
Now at 1B: Andy VanAsselberg
Now in LF: Ryan McFall
Now in CF: Drew Micheletti
Now in RF: Dan Ware
Batting: RHB Matt Campbell 0-0: Swinging Strike
0-1: Foul Ball, location: 25F
0-2: SINGLE (Line Drive, 34, EV 95.0 MPH)
Batting: SHB Randy Marsh 0-0: Grounds into double play, 4-6-3 (Groundball, 4S, EV 85.0 MPH)
Batting: RHB Josh Elkins 0-0: Called Strike
0-1: Ball
1-1: Foul Ball, location: 25F
1-2: Ground out 6-3 (Groundball, 6, EV 91.9 MPH)
Bottom of the 9th over - 0 runs, 1 hit, 0 errors, 0 left on base; Pawtucket 3 - Syracuse 2
Monday, May 6th , 2024 - OOTP Baseball 24.11 Build 85